 Dungeon Crawl Stone Soup version 0.22-a0-136-g83a10e5 (webtiles) character file.

639 reaverb the Cleaver (level 7, -1/46 HPs)
             Began as an Octopode Berserker on Feb 2, 2018.
             Was a Believer of Trog.
             Slain by a sky beast (5 damage)
             ... on level 5 of the Dungeon.
             The game lasted 00:07:05 (4050 turns).

reaverb the Cleaver (Octopode Berserker)            Turns: 4050, Time: 00:07:06

Health: -1/46      AC:  1    Str: 17    XL:     7   Next: 50%
Magic:  7/7        EV: 14    Int:  9    God:    Trog [**....]
Gold:   224        SH:  0    Dex: 13    Spells: 6/6 levels left

rFire    . . .     SeeInvis .   a - +0 hand axe
rCold    . . .     Gourm    .   (no shield)
rNeg     . . .     Faith    .   n - +0 hat
rPois    .         Spirit   .   j - amulet of rage
rElec    .         Reflect  .   (no ring)
rCorr    .         Harm     .   (no ring)
MR       ++...                  (no ring)
Stlth    ++........             (no ring)
HPRegen  1.15/turn              (no ring)
MPRegen  0.10/turn              (no ring)
                                (no ring)
                                (no ring)

@: regenerating
A: almost no armour, stealthy swim, amphibious, 8 rings, constrict 8, camouflage
1, gelatinous body 1
a: Berserk, Trog's Hand, Burn Spellbooks, Renounce Religion, Evoke Berserk Rage


You were on level 5 of the Dungeon.
You worshipped Trog.
Trog was pleased with you.
You were not hungry.

You visited 1 branch of the dungeon, and saw 5 of its levels.

You collected 224 gold pieces.

Notes
Turn   | Place    | Note
-------+----------+-------------------------------------------
     0 | D:1      | reaverb the Octopode Berserker began the quest for the Orb.
     0 | D:1      | Reached XP level 1. HP: 16/16 MP: 1/1
   106 | D:1      | Reached XP level 2. HP: 21/21 MP: 2/2
   697 | D:2      | Reached skill level 4 in Axes
   707 | D:2      | Reached XP level 3. HP: 24/26 MP: 3/3
   720 | D:2      | Huge Dmg: 5 Dmg
   840 | D:1      | Huge Dmg: 12 Dmg
  1043 | D:2      | Reached ** piety under Trog
  1197 | D:2      | Reached XP level 4. HP: 31/31 MP: 4/4
  1247 | D:2      | Reached skill level 5 in Axes
  1833 | D:3      | Huge Dmg: 10 Dmg
  2020 | D:2      | Reached XP level 5. HP: 36/36 MP: 5/5
  2315 | D:3      | Noticed Sigmund
  2318 | D:3      | Huge Dmg: 13 Dmg
  2320 | D:3      | Huge Dmg: 9 Dmg
  2321 | D:3      | Killed Sigmund
  2321 | D:3      | Reached skill level 6 in Axes
  2321 | D:3      | Reached XP level 6. HP: 25/42 MP: 6/6
  2329 | D:3      | Huge Dmg: 8 Dmg
  2557 | D:3      | Reached skill level 7 in Axes
  2563 | D:3      | Huge Dmg: 12 Dmg
  2857 | D:4      | Huge Dmg: 13 Dmg
  2859 | D:4      | Huge Dmg: 4 Dmg
  2873 | D:3      | Huge Dmg: 4 Dmg
  2873 | D:3      | Reached XP level 7. HP: 15/46 MP: 7/7
  3083 | D:4      | Huge Dmg: 11 Dmg
  3254 | D:4      | Reached skill level 8 in Axes
  3341 | D:4      | Reached *** piety under Trog
  3466 | D:4      | Huge Dmg: 11 Dmg
  3913 | D:5      | Entered Level 5 of the Dungeon
  3913 | D:5      | Noticed Ijyb
  3925 | D:5      | Killed Ijyb
  4045 | D:5      | Huge Dmg: 10 Dmg
  4047 | D:5      | Huge Dmg: 9 Dmg
  4049 | D:5      | Huge Dmg: 8 Dmg
  4049 | D:5      | HP: 4/46 [something (6)]
  4050 | D:5      | Huge Dmg: 6 Dmg
  4050 | D:5      | Slain by a sky beast

Inventory:

Hand Weapons
 a - a +0 hand axe (weapon)
 g - a +0 hunting sling
 t - a +1 shortbow of flaming
Missiles
 o - 2 tomahawks of returning (quivered)
 u - 31 arrows
Armour
 n - a +0 hat (worn)
Jewellery
 j - an amulet of rage (around mantle)
 q - an uncursed amulet of harm {unknown}
Wands
 i - a wand of iceblast (11)
Scrolls
 c - 6 scrolls of teleportation
 e - a scroll of fog
Potions
 d - 3 potions of flight
 f - a potion of degeneration {unknown}
 h - a potion of agility {unknown}
 l - a potion of heal wounds {unknown}
 m - 2 potions of haste
 p - a potion of lignification {unknown}
 s - 2 potions of brilliance
Comestibles
 b - 5 rations
 k - a chunk of flesh {@w0}

Table legend:
 A = Turns spent in this place as a percentage of turns spent in the entire game.
 B = Non-inter-level travel turns spent in this place as a percentage of non-inter-level travel turns spent in the entire game.
 C = Inter-level travel turns spent in this place as a percentage of turns spent in this place.
 D = Turns resting spent in this place as a percentage of non-inter-level travel turns spent in this place.
 E = Turns spent auto-exploring this place as a percentage of non-inter-level travel turns spent in this place.
 F = Non-inter-level travel turns spent in this place divided by the number of levels of this place that you've seen.
                   A       B       C       D       E      F
               +-------+-------+-------+-------+-------+----------------------
         Total | 100.0 | 100.0 |   2.4 |  36.1 |  37.5 | 790.4
       Dungeon | 100.0 | 100.0 |   2.4 |  36.1 |  37.5 | 790.4
               +-------+-------+-------+-------+-------+----------------------


   Skills:
 + Level 3.6 Fighting
 - Level 8.0 Axes
 + Level 3.6 Dodging


You had 6 spell levels left.
You didn't know any spells.

Dungeon Overview and Level Annotations

Branches:
Dungeon (5/15)
 Temple: D:4-7

Altars:


Innate Abilities, Weirdness & Mutations

You cannot wear most types of armour.
You are very stealthy in the water. (Stealth+)
You are amphibious.
You can wear up to eight rings at the same time.
You can use your tentacles to constrict eight enemies at once.
Your skin changes colour to match your surroundings (Stealth+).
Your rubbery body absorbs attacks. (AC +1, EV +1)


Message History

Damage: -8%(-4hp) hp: 92%(42hp)
You hit Ijyb but do no damage.
Ijyb is heavily wounded.
You constrict Ijyb. Ijyb misses you.
You hit Ijyb but do no damage.
Ijyb is severely wounded.
You constrict Ijyb, but do no damage. Ijyb closely misses you.
You hit Ijyb but do no damage.
Ijyb is severely wounded.
You constrict Ijyb. Ijyb barely misses you.
You hit Ijyb but do no damage.
Ijyb is severely wounded.
You constrict Ijyb. Ijyb hits you.
Damage: -2%(-1hp) hp: 92%(42hp)
You hit Ijyb.
You kill Ijyb!
Trog accepts your kill.
i - a wand of iceblast (11)
Things that are here:
a chain mail; the goblin corpse of Ijyb You butcher the goblin corpse of Ijyb.
k - 2 chunks of flesh {@w0} You see here a chain mail.
You start resting.
Eating one of 2 chunks of flesh {@w0}.
You eat one of the 2 chunks of flesh {@w0}.
This raw flesh tastes terrible.
You hear a distant slurping noise. x2
HP restored.
You open the door.
There is an open door here.
You open the door.
Found 31 stones.
There is an open door here.
Found a stone staircase leading down.
p - a green potion A bullfrog skeleton comes into view.
A bullfrog skeleton is nearby!
A bullfrog skeleton is nearby!
Found 7 gold pieces.
The bullfrog skeleton hits you.
Damage: -6%(-3hp) hp: 94%(43hp)
You hit the bullfrog skeleton. You grab the bullfrog skeleton.
You squeeze the bullfrog skeleton!
The bullfrog skeleton is moderately damaged.
You constrict the bullfrog skeleton. The bullfrog skeleton hits you.
Damage: -11%(-5hp) hp: 83%(38hp)
You slash the bullfrog skeleton!
The bullfrog skeleton is severely damaged.
You constrict the bullfrog skeleton. The bullfrog skeleton misses you.
You hit the bullfrog skeleton.
You destroy the bullfrog skeleton!
Trog accepts your kill.
You now have 209 gold pieces (gained 7).
You start resting.
You hear a distant slurping noise.
HP restored.
A sky beast comes into view.
The sky beast moves out of view.
The sky beast is too close now for your liking.
A sky beast is nearby!
A sky beast is nearby!
You now have 224 gold pieces (gained 15).
There are no items here.
The sky beast hits you. The sky beast shocks you.
Damage: -19%(-9hp) hp: 81%(37hp)
The sky beast hits you. The sky beast shocks you.
Huge Dmg: -22%(-10hp) hp: 59%(27hp)
You closely miss the sky beast. The sky beast misses you.
You closely miss the sky beast. You squeeze the sky beast.
The sky beast is lightly wounded.
You hear a distant slurping noise.
The sky beast flickers out of sight!
Deactivating autopickup; reactivate with Ctrl-A.
Something hits you. Something shocks you.
* * * LOW HITPOINT WARNING * * *
Huge Dmg: -19%(-9hp) hp: 40%(18hp)
You barely miss something. Something completely misses you.
You miss something. Your squeeze misses something. Something hits you.
* * * LOW HITPOINT WARNING * * *
Something shocks you.
* * * LOW HITPOINT WARNING * * *
Huge Dmg: -18%(-8hp) hp: 22%(10hp) Unknown command.
Unknown command.
Okay, then.
Unknown command.
Unknown command.
Your skin crawls.
You feel resistant to hostile enchantments.
You feel somewhat more hungry. Something hits you.
* * * LOW HITPOINT WARNING * * *
Something shocks you.
* * * LOW HITPOINT WARNING * * *
Huge Dmg: -13%(-6hp) hp: 9%(4hp) Unknown command.
Unknown command.
Something hits you.
* * * LOW HITPOINT WARNING * * *
Something shocks you.
You die...

.......... .......
.......#####.....#
....<..#...#.....+
.[.....+...+.....#
.......#...#.....###+###
########...#...........#
#....#.....#...........#
'....#.....#.....{.....#
#..###.#####....@......#
#..###.#....(..####.....#
.......'.......# ....#
.......#.......+ ...#
#####+##.......# ..#
..>........#### ..
...........# .
...........# ...........#


There were no monsters in sight!

Table legend:
 A = Kills in this place as a percentage of kills in entire the game.
 B = Kills by you in this place as a percentage of kills by you in the entire game.
 C = Kills by friends in this place as a percentage of kills by friends in the entire game.
 D = Other kills in this place as a percentage of other kills in the entire game.
 E = Experience gained in this place as a percentage of experience gained in the entire game.
 F = Experience gained in this place divided by the number of levels of this place that you have seen.
                   A       B       C       D       E      F
               +-------+-------+-------+-------+-------+----------------------
         Total | 100.0 | 100.0 |   N/A |   N/A | 100.0 | 182.6
       Dungeon | 100.0 | 100.0 |   N/A |   N/A | 100.0 | 182.6
               +-------+-------+-------+-------+-------+----------------------

Vanquished Creatures
  Sigmund (D:3)
  A centaur (D:3)
  A howler monkey (D:4)
  An orc priest (D:4)
  A bullfrog skeleton (D:5)
  Ijyb (D:5)
  2 iguanas (D:4)
  2 orc wizards (D:4)
  2 hound skeletons (D:4)
  A howler monkey skeleton (D:4)
  4 adders
  An ooze (D:2)
  2 worms (D:2)
  5 dart slugs
  A leopard gecko (D:3)
  9 orcs
  4 giant cockroaches
  7 goblins
  10 hobgoblins
  4 jackals (D:3)
  2 quokkas (D:3)
  A ball python (D:4)
  5 bats
  6 frilled lizards
  4 kobolds
  9 rats
87 creatures vanquished.

Action                   |  1- 3 |  4- 6 |  7- 9 || total
-------------------------+-------+-------+-------++-------
Melee: Hand axe          |    61 |    88 |    51 ||   200
       Constrict         |    19 |    27 |    11 ||    57
       Tentacles         |    11 |    16 |    11 ||    38
Invok: Berserk           |     1 |     2 |       ||     3
       Trog's Hand       |       |     1 |     1 ||     2
  Use: Scroll            |       |     1 |     6 ||     7
 Stab: Sleeping          |     2 |     2 |     1 ||     5
  Eat: Chunk             |     2 |     7 |     4 ||    13
Armor: Skin              |     5 |     7 |       ||    12
Dodge: Dodged            |    29 |    62 |    23 ||   114
